 Dungeon Crawl Stone Soup version 0.29-a0-541-gaf1fc19f1b (webtiles) character file.

Game seed: 7467148151850537134

19 zishaf the Shield-Bearer (level 2, -1/23 HPs)
             Began as a Demigod Wanderer on June 2, 2022.
             Slain by a quokka (2 damage)
             ... on level 1 of the Dungeon.
             The game lasted 00:02:22 (1003 turns).

zishaf the Shield-Bearer (Demigod Wanderer)         Turns: 1003, Time: 00:02:23

Health: -1/23      AC:  2    Str:  9    XL:     2   Next: 39%
Magic:  5/5        EV: 10    Int: 17    God:
Gold:   113        SH:  5    Dex: 14    Spells: 2/3 levels left

rFire   . . .      SeeInvis .   a - +0 trident
rCold   . . .      Faith    .   d - +0 buckler
rNeg    . . .      Spirit   .   c - +0 robe
rPois   .          Reflect  .   i - +0 hat
rElec   .          Harm     .   (no cloak)
rCorr   .          Rampage  .   (no gloves)
Will    .....                   (no boots)
Stlth   ++........              (no amulet)
HPRegen 0.07/turn               e - ring of flight
MPRegen 0.09/turn               (no ring)

@: flying
A: high MP 1, forlorn, divine attributes
a: no special abilities


You were on level 1 of the Dungeon.
You visited 1 branch of the dungeon, and saw 1 of its levels.

You collected 113 gold pieces.

Inventory:

Hand Weapons
 a - a +0 trident (weapon)
 b - a +0 hunting sling
 j - a +0 dagger
Armour
 c - a +0 robe (worn)
 d - a +0 buckler (worn)
 i - a +0 hat (worn)
Jewellery
 e - a ring of flight (left hand)
Scrolls
 g - a scroll of fog
Potions
 f - a potion of brilliance {unknown}
 h - a potion of haste {unknown}
 k - 2 potions of curing {unknown}


   Skills:
 + Level 1.3 Fighting
 - Level 1.0 Stealth
 + Level 3.0 Shields
 - Level 1.0 Spellcasting
 + Level 2.1 Summonings
 + Level 2.1 Necromancy


You had 2 spell levels left.
You knew the following spells:

 Your Spells              Type           Power      Damage    Failure   Level
a - Necrotize             Necr           32%        1d5       12%         1

Your spell library contained the following spells:

 Spells                   Type           Power      Damage    Failure   Level
 Summon Small Mammal      Summ           32%        N/A       12%         1
 Call Imp                 Summ           8%         N/A       19%         2
 Vampiric Draining        Necr           8%         2d6       34%         3
 Summon Lightning Spire   Summ/Air       4%         N/A       88%         4


Dungeon Overview and Level Annotations

Branches:
Dungeon (1/15)


Innate Abilities, Weirdness & Mutations

You have an increased reservoir of magic. (+10% MP)
You shall have no god before yourself.
Your divine heritage dramatically boosts your attributes as you level up.


Message History

The quokka bites you but does no damage.
You block the quokka's attack.
You closely miss the quokka.
The quokka is heavily wounded.
The goblin barely misses you. You block the quokka's attack.
You closely miss the quokka.
The quokka is heavily wounded.
The goblin hits you with a +0 dagger.
The quokka bites you but does no damage.
The goblin closely misses you. You block the quokka's attack.
You hit the quokka but do no damage.
The quokka is moderately wounded.
The quokka bites you but does no damage.
The goblin barely misses you. The quokka bites you.
You closely miss the quokka.
The quokka is moderately wounded.
The goblin hits you but does no damage. The quokka closely misses you.
The goblin hits you with a +0 dagger.
You barely miss the quokka.
The quokka is moderately wounded.
You block the quokka's attack. The goblin hits you with a +0 dagger.
The quokka barely misses you.
You are too injured to fight recklessly!
The quokka attacks as you move away! The quokka bites you.
The goblin hits you with a +0 dagger.
* * * LOW HITPOINT WARNING * * *
The goblin attacks as you move away! You block the goblin's attack.
The goblin attacks as you move away! The goblin hits you with a +0 dagger.
* * * LOW HITPOINT WARNING * * *
The quokka barely misses you. The quokka attacks as you move away!
The quokka barely misses you.
You see here a +0 flail.
You hit the quokka.
The quokka is moderately wounded.
You block the quokka's attack. The quokka bites you.
* * * LOW HITPOINT WARNING * * *
You barely miss the quokka.
The quokka is moderately wounded.
The quokka bites you.
You die...

...≈....................#.≈≈
#...(...................#.#
.....#........#.#......#..##
.....#.>.........#.........#
...#.#..................?..#≈#
.............>#####..........#
..............# ##...........
.#####........####...#...!.###
## #...≈≈≈≈.##.@rg#†......# #
#.†.≈.......#######....# #
#.#.≈≈≈≈..### ...... #
#.#......## .....## #
###.#....### ....## #
#.......#### # #..........###
#............# #.....)....#.#


You could see a quokka and a goblin.

Vanquished Creatures
  2 ball pythons (D:1)
  2 endoplasms (D:1)
  A giant cockroach (D:1)
  2 goblins (D:1)
  2 hobgoblins (D:1)
  3 quokkas (D:1)
  A bat (D:1)
  A rat (D:1)
14 creatures vanquished.

Vanquished Creatures (collateral kills)
  An endoplasm (D:1)
1 creature vanquished.

Vanquished Creatures (others)
  2 fungi (D:1)
  4 toadstools (D:1)
6 creatures vanquished.

Grand Total: 21 creatures vanquished

Notes
Turn   | Place    | Note
-------+----------+-------------------------------------------
     0 | D:1      | zishaf the Demigod Wanderer began the quest for the Orb.
     0 | D:1      | zishaf set off with the following items: a +0 dagger, a
                  | scroll of fog, a +0 robe, a +0 buckler; and the following
                  | spells available to memorise: Necrotize, Summon Small
                  | Mammal, Call Imp, Vampiric Draining, Summon Lightning Spire
     0 | D:1      | Reached XP level 1. HP: 16/16 MP: 4/4
     2 | D:1      | Learned a level 1 spell: Necrotize
   596 | D:1      | Reached XP level 2. HP: 19/23 MP: 5/5
   984 | D:1      | Reached skill level 3 in Shields
  1002 | D:1      | HP: 1/23 [quokka (2)]
  1003 | D:1      | Slain by a quokka

Illustrated notes

Levels and vault maps discovered:
D:1:      lemuel_arrival_tunnels, layout_rooms, serial_rivers,
          chequers_serial_rivers_large_a, chequers_serial_rivers_micro_b,
          chequers_serial_rivers_micro_d, chequers_serial_rivers_small_b,
          chequers_serial_rivers_micro_d, chequers_serial_rivers_micro_e,
          minivault_4, minmay_gold_behind_fungi, minmay_crystal_water,
          serial_bayou_pond_e

Skill      XL: |  1  2 |
---------------+-------+-----
Summonings     | 2 |  2.1
Necromancy     | 2 |  2.1
Shields        | 3 |  3.0
Fighting       | |  1.3
Stealth        | |  1.0
Spellcasting   | |  1.0

Action                   || total
-------------------------++-------
Melee: Dagger            ||    35
       Trident           ||    21
 Fire: Hunting sling     ||    11
 Cast: Necrotize         ||     9
 Stab: Sleeping          ||     1
Armor: Robe              ||     9
Dodge: Dodged            ||    30
Block: Buckler           ||    19

Table legend: (Time is in decaauts)
 A = Elapsed time spent in this place.
 B = Non-inter-level travel time spent in this place.
 C = Inter-level travel time spent in this place.
 D = Time resting spent in this place.
 E = Time spent auto-exploring this place.
 F = Levels seen in this place.
 G = Mean time per level.
                   A        B        C        D        E       F      G
               +--------+--------+--------+--------+--------+-----+--------+
         Total |   1012 |   1012 |      0 |    235 |    555 |   1 | 1012.0 |
       Dungeon |   1012 |   1012 |      0 |    235 |    555 |   1 | 1012.0 |
               +--------+--------+--------+--------+--------+-----+--------+

Top non-repeatable levels by time:
     D:1: 1012 daAuts
